 Dungeon Crawl Stone Soup version 0.27-a0-1502-g47ed6a6988 (webtiles) character file.

Game seed: 15932341405991803072

1120 wakim the Ducker (level 8, -2/41 (46) HPs)
             Began as a Deep Elf Ice Elementalist on July 8, 2021.
             Was an Initiate of Vehumet.
             Slain by a wight (10 damage)
             ... on level 6 of the Dungeon.
             The game lasted 00:24:42 (6432 turns).

wakim the Ducker (Deep Elf Ice Elementalist)        Turns: 6432, Time: 00:24:43

HP:   -2/41 (46)    AC:  4    Str:  5    XL:     8   Next: 12%
MP:   9/17          EV: 15    Int: 23    God:    Vehumet [......]
Gold: 202           SH:  0    Dex: 15    Spells: 6/17 levels left

rFire    . . .     SeeInvis .   b - +4 trident
rCold    . . .     Faith    .   (no shield)
rNeg     . . .     Spirit   .   j - +0 robe
rPois    .         Reflect  .   (no helmet)
rElec    .         Harm     .   (no cloak)
rCorr    .         Rampage  .   (no gloves)
Will     .....                  h - +1 pair of boots
Stlth    +++.......             (no amulet)
HPRegen  0.13/turn              (no ring)
MPRegen  0.15/turn              (no ring)

@: heavily drained
A: no striking features
a: Renounce Religion


You were on level 6 of the Dungeon.
You worshipped Vehumet.
Vehumet was noncommittal.
You visited 1 branch of the dungeon, and saw 6 of its levels.

You collected 232 gold pieces.
You spent 30 gold pieces at shops.

Inventory:

Hand Weapons
 a - a +2 dagger of speed
 b - a +4 trident (weapon)
Missiles
 c - 6 curare-tipped darts {=f}
Armour
 d - a +0 kite shield
 h - a +1 pair of boots (worn)
 j - a +0 robe (worn)
Potions
 e - a potion of magic {unknown}
 f - a potion of degeneration {unknown}
 g - a potion of attraction {unknown}
 i - 2 potions of heal wounds
 C - a potion of berserk rage {!q}
 E - a potion of cancellation
 F - 2 potions of curing
 H - 5 potions of haste
 I - a potion of invisibility


   Skills:
 + Level 3.4 Fighting
 * Level 6.9 Dodging
 + Level 4.7 Stealth
 - Level 5.0 Spellcasting
 * Level 6.8 Ice Magic


You had 6 spell levels left.
You knew the following spells:

 Your Spells              Type           Power      Damage    Failure   Level
a - Freeze                Ice            100%       1d11      1%          1
b - Frozen Ramparts       Ice            74%        1d9       1%          3
c - Ozocubu's Armour      Ice            37%        N/A       1%          3
d - Hailstorm             Conj/Ice       21%        3d6       22%         4

Your spell library contained the following spells:

 Spells                   Type           Power      Damage    Failure   Level
 Ensorcelled Hibernation  Hex/Ice        42%        N/A       3%          2
 Animate Skeleton         Necr           10%        N/A       10%         1
 Corona                   Hex            5%         N/A       10%         1
 Pain                     Necr           20%        1d5       10%         1
 Summon Small Mammal      Summ           20%        N/A       10%         1
 Call Canine Familiar     Summ           5%         N/A       28%         3
 Dazzling Flash           Conj/Hex       10%        N/A       28%         3
 Spider Form              Tmut/Pois      2%         N/A       28%         3
 Summon Guardian Golem    Hex/Summ       5%         N/A       28%         3
 Tukima's Dance           Hex            5%         N/A       28%         3
 Vampiric Draining        Necr           2%         2d6       28%         3
 Dispel Undead            Necr           5%         3d7       67%         4
 Iskenderun's Mystic Bla  Conj/Tloc      5%         2d3       67%         4
 Borgnjor's Vile Clutch   Necr/Erth      2%         N/A       95%         5
 Starburst                Conj/Fire      2%         8x6d3     100%        6


Dungeon Overview and Level Annotations

Branches:
Dungeon (6/15)
 Temple: D:4-7

Altars:
Ashenzari
Hepliaklqana
Trog
Vehumet

Shops:
D:2 *


Message History

Casting: Frozen Ramparts (safe; 1% risk of failure)
Confirm with . or Enter, or press ? or * to list all spells.
The spell is quite dangerous to cast (22% risk of failure)!
Continue anyway?
A cannonade of hail descends around you!
The hail pelts the wight.
The wight partially resists.
The wight is moderately damaged.
Casting: Hailstorm (quite dangerous; 22% risk of failure)
Confirm with . or Enter, or press ? or * to list all spells.
The spell is quite dangerous to cast (22% risk of failure)!
Continue anyway?
A cannonade of hail descends around you!
The hail pelts the wight.
The wight partially resists.
The wight is heavily damaged.
Casting: Hailstorm (quite dangerous; 22% risk of failure)
Confirm with . or Enter, or press ? or * to list all spells.
Aiming: Freeze (safe; 1% risk of failure)
Press: ? - help, Shift-Dir - straight line, f - wight
Aim: a wight, wielding a +3 battleaxe and wearing a +0 robe (heavily damaged)
You freeze the wight.
The wight resists.
The wight is heavily damaged.
The wight hits you with a +3 battleaxe!
You hit the wight.
The wight is severely damaged.
The wight hits you with a +3 battleaxe!
You feel drained.
Unknown command.
You hit the wight.
The wight is severely damaged.
The wight misses you.
You closely miss the wight.
The wight is severely damaged.
The wight hits you with a +3 battleaxe!
* * * LOW HITPOINT WARNING * * *
You feel drained.
* * * LOW HITPOINT WARNING * * *
The wight hits you with a +3 battleaxe.
* * * LOW HITPOINT WARNING * * *
You feel drained.
You closely miss the wight.
The wight is severely damaged.
The wight hits you with a +3 battleaxe!
You die...

#.................. ..
#......().......###.#
###.(............#....#
#...............##.####
#####...#..........#...#
........#####..#..#<.###
........####..###†#.##
#####....##..####z#>#
##...........@...#
####.....#####.....##
.....>...##....#.#.#
.....###.#...###.#.##
....## #####.# #....#
....# ##.....# #....#
....# #..##### #....#
....###.## #....#
....##..# ######....#


You could see a wight.

Vanquished Creatures
  A black bear (D:5)
  A sky beast (D:6)
  An orc warrior (D:5)
  A gnoll sergeant (D:5)
  2 scorpions
  4 orc priests
  2 jellies
  4 orc wizards
  Natasha (thrice) (D:2)
  2 iguanas
  A hound zombie (D:4)
  6 gnolls
  7 adders
  4 worms (D:2)
  4 dart slugs
  15 orcs
  8 ball pythons
  8 endoplasms
  3 giant cockroaches
  9 goblins
  8 hobgoblins
  4 jackals (D:4)
  3 kobolds
  4 quokkas
  2 bats (D:1)
  6 frilled lizards
  5 rats
118 creatures vanquished.

Notes
Turn   | Place    | Note
-------+----------+-------------------------------------------
     0 | D:1      | wakim the Deep Elf Ice Elementalist began the quest for the
                  | Orb.
     0 | D:1      | Reached XP level 1. HP: 10/10 MP: 6/6
   528 | D:1      | Reached XP level 2. HP: 14/15 MP: 4/8
   794 | D:1      | You fall into a shaft and drop 1 floor!
   855 | D:2      | Found a faded altar of an unknown god.
  1423 | D:2      | Got the Reference Book on Changing and Dark Magic
  1428 | D:2      | Found Anla Niur's Assorted Antiques.
  1743 | D:2      | Reached XP level 3. HP: 18/19 MP: 3/9
  1747 | D:2      | Learned a level 3 spell: Frozen Ramparts
  1751 | D:2      | Learned a level 3 spell: Ozocubu's Armour
  1818 | D:2      | Noticed Natasha
  1821 | D:2      | Killed Natasha
  1822 | D:2      | Reached skill level 5 in Ice Magic
  2191 | D:2      | Reached XP level 4. HP: 24/24 MP: 0/10
  2480 | D:2      | Bought a scroll labelled ETZAVV VIMP for 30 gold pieces
  2568 | D:2      | Noticed Natasha
  2574 | D:2      | Killed Natasha
  2696 | D:2      | Noticed Natasha
  2702 | D:2      | Killed Natasha
  2703 | D:2      | Reached XP level 5. HP: 26/28 MP: 6/11
  3392 | D:3      | Reached skill level 1 in Fighting
  3392 | D:3      | Reached XP level 6. HP: 34/34 MP: 8/13
  3397 | D:3      | Reached skill level 5 in Dodging
  4236 | D:4      | Found a broken altar of Ashenzari.
  4828 | D:5      | Entered Level 5 of the Dungeon
  4835 | D:5      | Noticed an orc warrior
  4841 | D:5      | Reached XP level 7. HP: 39/39 MP: 11/15
  5136 | D:5      | Reached skill level 5 in Spellcasting
  5508 | D:5      | Found a radiant altar of Vehumet.
  5511 | D:5      | Found a bloodstained altar of Trog.
  5516 | D:5      | Became a worshipper of Vehumet
  6269 | D:6      | Reached XP level 8. HP: 39/46 MP: 14/17
  6330 | D:6      | Learned a level 4 spell: Hailstorm
  6384 | D:6      | Found a hazy altar of Hepliaklqana.
  6432 | D:6      | Slain by a wight

Illustrated notes

Levels and vault maps discovered:
D:1:      giann_horns, layout_basic
D:2:      layout_loops_cross, serial_shops,
          nicolae_shop_temple_entry_statues_fountains,
          hellmonk_ecumenical_altar_zigzags, chequers_serial_rivers_large_b,
          minmay_tromino_mix6, uniq_natasha
D:3:      layout_loops_ring, grunt_decor_resistance
D:4:      layout_basic, ashenzari_conservatory_becter
D:5:      layout_rooms, chequers_temple_overflow_statue_of_worship
D:6:      layout_rooms, nicolae_hepliaklqana_hippocampus,
          minmay_temple_entry_sparse_star, uniq_duvessa

Skill      XL: |  1  2  3  4  5  6  7 |
---------------+----------------------+-----
Stealth        | 3 4 |  4.7
Dodging        | 3 4 5 6 |  6.9
Ice Magic      | 5 6 |  6.8
Fighting       | 1 3 |  3.4
Spellcasting   | 4 5 |  5.0

Action                   |  1- 3 |  4- 6 |  7- 9 || total
-------------------------+-------+-------+-------++-------
Melee: Dagger            |    10 |     2 |       ||    12
       Trident           |       |    24 |    32 ||    56
 Cast: Freeze            |    35 |     9 |     4 ||    48
       Frozen Ramparts   |     5 |    36 |    17 ||    58
       Ozocubu's Armour  |       |     1 |     1 ||     2
       Hailstorm         |       |       |     2 ||     2
  Use: Scroll            |     2 |     5 |     3 ||    10
 Stab: Sleeping          |     2 |     3 |       ||     5
Armor: Robe              |     5 |     4 |     8 ||    17
Dodge: Dodged            |     9 |    21 |    26 ||    56

Table legend: (Time is in decaauts)
 A = Elapsed time spent in this place.
 B = Non-inter-level travel time spent in this place.
 C = Inter-level travel time spent in this place.
 D = Time resting spent in this place.
 E = Time spent auto-exploring this place.
 F = Levels seen in this place.
 G = Mean time per level.
                   A        B        C        D        E       F      G
               +--------+--------+--------+--------+--------+-----+--------+
         Total |   6503 |   6132 |    371 |    166 |   5078 |   6 | 1083.8 |
       Dungeon |   6503 |   6132 |    371 |    166 |   5078 |   6 | 1083.8 |
               +--------+--------+--------+--------+--------+-----+--------+

Top non-repeatable levels by time:
     D:1: 1481 daAuts
     D:2: 1470 daAuts
     D:3: 1267 daAuts
     D:4: 1063 daAuts
     D:5: 925 daAuts
     D:6: 294 daAuts
